 Dungeon Crawl Stone Soup version 0.30-a0-632-g346586fe48 (webtiles) character file.

Game seed: 6272797169851539186

54 Darkkill the Shooter (level 3, 0/31 HPs)
             Began as a Minotaur Hunter on Jan 13, 2023.
             Slain by a hobgoblin (2 damage)
             ... led by Robin
             ... on level 2 of the Dungeon.
             The game lasted 00:00:45 (1117 turns).

Darkkill the Shooter (Minotaur Hunter)              Turns: 1117, Time: 00:00:46

Health: 0/31       AC:  4    Str: 15    XL:     3   Next: 66%
Magic:  2/2        EV: 12    Int:  6    God:
Gold:   120        SH:  0    Dex: 15    Spells: 2/2 levels left

rFire   . . .      SeeInvis .    a - +0 shortbow
rCold   . . .      Faith    .    (shield currently unavailable)
rNeg    . . .      Spirit   .    c - +1 leather armour
rPois   .          Reflect  .    (helmet restricted)
rElec   .          Harm     .    (no cloak)
rCorr   .          Rampage  .    (no gloves)
Will    .....                    (no boots)
Stlth   ++                       (no amulet)
HPRegen 0.25/turn                (no ring)
MPRegen 0.08/turn                (no ring)

@: no status effects
A: horns 2, retaliatory headbutt
a: no special abilities


You were on level 2 of the Dungeon.
You visited 1 branch of the dungeon, and saw 2 of its levels.

You collected 120 gold pieces.

Inventory:

Hand Weapons
 a - a +0 shortbow (weapon)
Missiles
 f - 26 stones
 j - 2 poisoned darts
Armour
 c - a +1 leather armour (worn)
Jewellery
 l - an amulet of regeneration
Scrolls
 b - 2 scrolls of immolation
 i - a scroll of identify {unknown}
Potions
 d - a potion of heal wounds {unknown}
 e - a potion of resistance {unknown}
 g - a potion of brilliance {unknown}
 h - a potion of mutation {unknown}
 k - a potion of attraction {unknown}


   Skills:
 + Level 3.2 Fighting
 + Level 4.8 Ranged Weapons
 + Level 2.9 Dodging
 + Level 1.6 Stealth


You had 2 spell levels left.
You didn't know any spells.
Your spell library contained the following spells:

 Spells                   Type           Power      Damage    Failure   Level
 Animate Armour           Summ/Erth      0%         N/A       99%         4
 Blade Hands              Tmut           0%         N/A       100%        5
 Iron Shot                Conj/Erth      0%         9d1       100%        6


Dungeon Overview and Level Annotations

Branches:
Dungeon (2/15)

Altars:
Fedhas

Annotations:
D:2 Robin


Innate Abilities, Weirdness & Mutations

You have a pair of horns on your head.
You reflexively headbutt those who attack you in melee.


Message History

Fire: a) +0 shortbow
Press: ? - help, Q - select action, (/) - cycle Shift-Dir - straight line, f/p - goblin
Aim: a goblin, wielding a +0 dagger (severely wounded, 55% to hit)
You shoot an arrow. The arrow hits the goblin.
You kill the goblin!
Robin roars a battlecry!
The goblins go into a battle-frenzy!
A hobgoblin comes into view.
Fire: a) +0 shortbow
Press: ? - help, Q - select action, (/) - cycle Shift-Dir - straight line, f - goblin
Aim: a goblin, wielding a +0 dagger (strong, 55% to hit)
You shoot an arrow. The arrow hits the goblin.
The goblin is severely wounded.
The goblin barely misses you. You furiously retaliate!
You headbutt the goblin!
You kill the goblin!
Fire: a) +0 shortbow
Press: ? - help, Q - select action, (/) - cycle Shift-Dir - straight line, f - goblin
Aim: a goblin, wielding a +0 club (55% to hit)
You shoot an arrow. The arrow hits the goblin!
You kill the goblin!
A goblin comes into view. It is wielding a +0 dagger.
The hobgoblin barely misses you. You furiously retaliate!
You headbutt the hobgoblin!
You kill the hobgoblin!
Fire: a) +0 shortbow
Press: ? - help, Q - select action, (/) - cycle Shift-Dir - straight line, f - hobgoblin
Aim: a hobgoblin (62% to hit)
You shoot an arrow. The arrow hits the hobgoblin.
The hobgoblin is almost dead.
Robin throws the goblin at you! The hobgoblin misses you.
The goblin hits you with a +0 dagger.
Fire: a) +0 shortbow
Press: ? - help, Q - select action, (/) - cycle Shift-Dir - straight line, f/p - hobgoblin
Aim: a hobgoblin (almost dead, 62% to hit)
You shoot an arrow.
The arrow hits the hobgoblin but does no damage.
The hobgoblin is almost dead.
The goblin closely misses you.
Robin roars a battlecry!
The hobgoblin goes into a battle-frenzy!
The hobgoblin hits you. The goblin barely misses you.
Fire: a) +0 shortbow
Press: ? - help, Q - select action, (/) - cycle Shift-Dir - straight line, f/p - hobgoblin
Aim: a hobgoblin (almost dead, strong, 62% to hit)
You shoot an arrow. The arrow closely misses the hobgoblin.
The goblin hits you with a +0 dagger. The hobgoblin completely misses you.
You furiously retaliate!
You headbutt the hobgoblin.
You kill the hobgoblin!
Fire: a) +0 shortbow
Press: ? - help, Q - select action, (/) - cycle Shift-Dir - straight line, f - goblin
Aim: a goblin, wielding a +0 dagger (strong, 55% to hit)
You shoot an arrow. The arrow hits the goblin.
The goblin is severely wounded.
Robin roars a battlecry!
The goblin goes into a battle-frenzy!
The goblin closely misses you.
Fire: a) +0 shortbow
Press: ? - help, Q - select action, (/) - cycle Shift-Dir - straight line, f/p - goblin
Aim: a goblin, wielding a +0 dagger (severely wounded, strong, 55% to hit)
You shoot an arrow. The arrow closely misses the goblin.
A goblin comes into view. It is wielding a +0 club.
The goblin hits you with a +0 dagger. The hobgoblin hits you. x2
The goblin hits you with a +0 dagger. x2
* * * LOW HITPOINT WARNING * * *
The goblin unwields a +0 club.
The goblin wields a +0 sling.
The goblin shoots a sling bullet.
The sling bullet barely misses you.
The sling bullet hits the goblin.
The goblin dies!
Fire: a) +0 shortbow
Press: ? - help, Q - select action, (/) - cycle Shift-Dir - straight line, f - Robin
Aim: Robin, wielding a +0 falchion, wearing a +0 animal skin and wearing a +0 helmet (69% to hit)
You shoot an arrow. The arrow barely misses Robin.
Robin hits you with a +0 falchion.
* * * LOW HITPOINT WARNING * * *
The goblin hits you but does no damage. The hobgoblin barely misses you.
Fire: a) +0 shortbow
Press: ? - help, Q - select action, (/) - cycle Shift-Dir - straight line, f/p - Robin
Aim: Robin, wielding a +0 falchion, wearing a +0 animal skin and wearing a +0 helmet (69% to hit)
You shoot an arrow. The arrow barely misses Robin.
The goblin closely misses you.
The hobgoblin hits you but does no damage.
Robin says, "Feeling lonely?"
Robin hits you but does no damage.
The goblin shoots a sling bullet.
The sling bullet barely misses you.
Fire: a) +0 shortbow
Press: ? - help, Q - select action, (/) - cycle Shift-Dir - straight line, f/p - Robin
Aim: Robin, wielding a +0 falchion, wearing a +0 animal skin and wearing a +0 helmet (69% to hit)
You shoot an arrow. The arrow closely misses Robin.
Robin hits you with a +0 falchion.
* * * LOW HITPOINT WARNING * * *
The goblin barely misses you. The hobgoblin misses you.
The goblin shoots a sling bullet.
The sling bullet closely misses you.
Fire: a) +0 shortbow
Press: ? - help, Q - select action, (/) - cycle Shift-Dir - straight line, f/p - Robin
Aim: Robin, wielding a +0 falchion, wearing a +0 animal skin and wearing a +0 helmet (69% to hit)
You shoot an arrow. The arrow barely misses Robin.
Robin hits you with a +0 falchion.
* * * LOW HITPOINT WARNING * * *
The goblin misses you. The hobgoblin hits you.
You die...

# #...# # #...# .# #
#...##########.## #
#.............#.# #
######...#####.##.#...
###...................)
.........)............
.##............)g.#
.#######........@)# )#
#...#####ggg.)... .##
#...# ##<##.##. ..#
#...# ... .† #.#
####...# ###. .
..###...#.## #
####.###..# ########
###.## ##.# #......#
....# #.###.####.#


You could see Robin, a hobgoblin (strong) and 2 goblins.

Vanquished Creatures
  2 adders (D:2)
  3 ball pythons
  4 bats
  An endoplasm (D:1)
  A giant cockroach (D:1)
  7 goblins
  7 hobgoblins
  A quokka (D:1)
  4 frilled lizards
  A kobold (D:2)
  A rat (D:1)
32 creatures vanquished.

Vanquished Creatures (others)
  A goblin (D:2)
1 creature vanquished.

Grand Total: 33 creatures vanquished

Notes
Turn   | Place    | Note
-------+----------+-------------------------------------------
     0 | D:1      | Darkkill the Minotaur Hunter began the quest for the Orb.
     0 | D:1      | Reached XP level 1. HP: 18/18 MP: 0/0
   241 | D:1      | Reached skill level 1 in Stealth
   356 | D:1      | Reached XP level 2. HP: 20/25 MP: 1/1
   763 | D:2      | Reached XP level 3. HP: 31/31 MP: 2/2
   815 | D:2      | Found a blossoming altar of Fedhas.
  1104 | D:2      | Noticed Robin
  1116 | D:2      | HP: 4/31 [Robin/+0 falchion (4)]
  1117 | D:2      | Slain by a hobgoblin

Illustrated notes

Levels and vault maps discovered:
D:1:      shiori_arrival_oz, layout_basic
D:2:      layout_loops_cross, basic_altar, uniq_robin

Skill      XL: |  1  2 |
---------------+-------+-----
Stealth        | 1 |  1.6
Fighting       | 3 |  3.2
Ranged Weapons | |  4.8
Dodging        | |  2.9

Action                   || total
-------------------------++-------
 Fire: Shortbow          ||    87
  Use: Scroll            ||     2
Armor: Leather armour    ||    18
Dodge: Dodged            ||    26

Table legend: (Time is in decaauts)
 A = Elapsed time spent in this place.
 B = Non-inter-level travel time spent in this place.
 C = Inter-level travel time spent in this place.
 D = Time resting spent in this place.
 E = Time spent auto-exploring this place.
 F = Levels seen in this place.
 G = Mean time per level.
                   A        B        C        D        E       F      G
               +--------+--------+--------+--------+--------+-----+--------+
         Total |   1143 |   1138 |      5 |      0 |    974 |   2 |  571.5 |
       Dungeon |   1143 |   1138 |      5 |      0 |    974 |   2 |  571.5 |
               +--------+--------+--------+--------+--------+-----+--------+

Top non-repeatable levels by time:
     D:1: 684 daAuts
     D:2: 458 daAuts

Table legend:
 A = Kills in this place as a percentage of kills in entire the game.
 B = Kills by you in this place as a percentage of kills by you in the entire game.
 C = Kills by friends in this place as a percentage of kills by friends in the entire game.
 D = Other kills in this place as a percentage of other kills in the entire game.
 E = Experience gained in this place as a percentage of experience gained in the entire game.
 F = Experience gained in this place divided by the number of levels of this place that you have seen.
                   A       B       C       D       E      F
               +-------+-------+-------+-------+-------+----------------------
         Total | 100.0 | 100.0 |   N/A | 100.0 | 100.0 |  39.0
       Dungeon | 100.0 | 100.0 |   N/A | 100.0 | 100.0 |  39.0
               +-------+-------+-------+-------+-------+----------------------
